 Dungeon Crawl Stone Soup version 0.22-a0-351-g29664b4 (webtiles) character file.

233 inmateoo the Skirmisher (level 6, -4/43 HPs)
             Began as an Octopode Air Elementalist on Apr 13, 2018.
             Killed by nerve-wracking pain
             ... invoked by Grinder
              (7 damage)
             ... on level 3 of the Dungeon.
             The game lasted 00:08:50 (3271 turns).

inmateoo the Skirmisher (Octopode Air Elementalist) Turns: 3271, Time: 00:08:51

Health: -4/43      AC: -1    Str:  7    XL:     6   Next: 5%
Magic:  1/10       EV: 13    Int: 20    God:
Gold:   95         SH:  0    Dex: 12    Spells: 5/11 levels left

rFire    . . .     SeeInvis +   l - +0 trident (protect)
rCold    . . .     Gourm    .   (no shield)
rNeg     . . .     Faith    .   (helmet restricted)
rPois    .         Spirit   .   (no amulet)
rElec    .         Reflect  .   h - ring of see invisible
rCorr    .         Harm     .   i - -2 ring of protection (curse)
MR       .....                  (no ring)
Stlth    +++.......             (no ring)
HPRegen  0.14/turn              (no ring)
MPRegen  0.12/turn              (no ring)
                                (no ring)
                                (no ring)

@: no status effects
A: almost no armour, stealthy swim, amphibious, 8 rings, constrict 8, camouflage
1, gelatinous body 1
a: no special abilities


You were on level 3 of the Dungeon.
You were hungry.

You visited 1 branch of the dungeon, and saw 3 of its levels.
You also visited: Sewer.

You collected 95 gold pieces.

Inventory:

Hand Weapons
 d - a +0 short sword
 l - a +0 trident of protection (weapon)
Jewellery
 h - a ring of see invisible (left tentacle)
 i - a cursed -2 ring of protection (right tentacle)
Scrolls
 c - 4 scrolls of teleportation
Potions
 e - 3 potions of lignification
 f - 2 potions of ambrosia
 j - a potion of haste
 k - 4 potions of flight
Comestibles
 b - 8 rations


   Skills:
 - Level 4.0 Fighting
 - Level 2.0 Dodging
 - Level 3.1 Stealth
 * Level 3.1 Spellcasting
 - Level 1.0 Conjurations
 * Level 4.0 Air Magic


You had 5 spell levels left.
You knew the following spells:

 Your Spells              Type           Power        Failure   Level  Hunger
a - Shock                 Conj/Air       ##..         4%          1    None
b - Swiftness             Chrm/Air       ##......     10%         2    ##.....
c - Static Discharge      Conj/Air       ##......     16%         3    ###....


Dungeon Overview and Level Annotations

Branches:
Dungeon (3/15)

Altars:
Wu Jian

Annotations:
D:3 Grinder


Innate Abilities, Weirdness & Mutations

You cannot wear most types of armour.
You are very stealthy in the water. (Stealth+)
You are amphibious.
You can wear up to eight rings at the same time.
You can use your tentacles to constrict eight enemies at once.
Your skin changes colour to match your surroundings (Stealth+).
Your rubbery body absorbs attacks. (AC +1, EV +1)


Message History

Grinder is struck by lightning.
Grinder is heavily wounded.
The lightning arcs!
You are struck by lightning.
The lightning arcs!
Grinder is struck by lightning.
Grinder is heavily wounded.
The lightning grounds out.
Grinder hits you.
You writhe in agony.
Casting: Static Discharge (safe; 16% risk of failure)
Confirm with . or Enter, or press ? or * to list all spells.
Grinder is struck by lightning.
Grinder is severely wounded.
The lightning arcs!
You are struck by lightning.
The lightning grounds out.
Grinder hits you.
* * * LOW HITPOINT WARNING * * *
You writhe in agony.
* * * LOW HITPOINT WARNING * * *
Unknown command.
It was a potion of cancellation.
You feel magically purged. Grinder gestures at you.
Pain shoots through your body!
You die...

#.......#.#.# .# ..
...#.......#.#.###.#
#.
#.##.#.#####.#.#...#
.. #$##.#.#
#.#.#.#.# #.
#.##.#.# #.#.#<#.#
#..#.##.#.#
#.#.#...#
#####.#.##.#.#
###.#.#.###
.....(..##.#.#
#...#.#....
..?....(5@.#)#
#.###.#.###
.....#..####.#
#.....#.# ... ##.#
#(###..####.# . #>#
#...........# #.#
#####.#.##### #.#
#.#.# #.# #.#.# #.#
#.#.# #.#.#


You could see Grinder.

Vanquished Creatures
  2 merfolk sirens (Sewer)
  An orc wizard (D:3)
  A merfolk avatar (Sewer)
  3 adders
  A river rat (Sewer)
  3 worms (D:2)
  A dart slug (D:3)
  5 leopard geckos
  3 orcs (D:3)
  A bat (D:2)
  7 giant cockroaches
  2 goblins
  7 hobgoblins
  4 jackals (D:1)
  6 kobolds
  7 ball pythons
  9 frilled lizards
  31 rats
94 creatures vanquished.

Notes
Turn   | Place    | Note
-------+----------+-------------------------------------------
     0 | D:1      | inmateoo the Octopode Air Elementalist began the quest for the Orb.
     0 | D:1      | Reached XP level 1. HP: 11/11 MP: 3/3
   223 | D:1      | Reached skill level 1 in Fighting
   313 | D:1      | Reached XP level 2. HP: 18/18 MP: 5/5
   499 | D:2      | Learned a level 2 spell: Swiftness
   542 | D:2      | Reached XP level 3. HP: 20/24 MP: 6/6
   547 | D:2      | Learned a level 3 spell: Static Discharge
  1617 | D:2      | Found an ornate altar of the Wu Jian Council.
  1708 | D:2      | Reached XP level 4. HP: 23/31 MP: 7/7
  1997 | D:3      | Found a glowing drain.
  2243 | Sewer    | Entered a sewer
  2375 | Sewer    | Reached XP level 5. HP: 37/37 MP: 8/8
  2874 | Sewer    | Noticed a malarious merfolk avatar
  2982 | Sewer    | Killed a malarious merfolk avatar
  2982 | Sewer    | Reached XP level 6. HP: 43/43 MP: 0/10
  3257 | D:3      | Noticed Grinder
  3261 | D:3      | Paralysed by Grinder for 4 turns
  3271 | D:3      | Killed from afar by Grinder

Vault maps used:
D:1:      minmay_arrival_widening_spiral_wide
D:2:      marbit_many_paths
D:3:      kennysheep_the_goblin_king, minitemple, portal_sewer_entry_a,
          okawaru_trees_1, uniq_robin, uniq_terence, uniq_grinder
Sewer:    sewer_sea

Skill      XL: |  1  2  3  4  5 |
---------------+----------------+-----
Stealth        | 3 |  3.1
Fighting       | 1 2 3 4 |  4.0
Spellcasting   | 3 |  3.1
Air Magic      | 4 |  4.0
Dodging        | |  2.0
Conjurations   | |  1.0

Action                   |  1- 3 |  4- 6 || total
-------------------------+-------+-------++-------
Melee: Short sword       |    57 |    62 ||   119
       Constrict         |    12 |    21 ||    33
       Tentacles         |     7 |    12 ||    19
       Trident           |       |    52 ||    52
 Cast: Shock             |    16 |    32 ||    48
       Static Discharge  |     3 |     4 ||     7
  Use: Scroll            |     6 |       ||     6
       Potion            |       |     1 ||     1
 Stab: Sleeping          |     9 |    13 ||    22
  Eat: Chunk             |     3 |     5 ||     8
Armor: Skin              |     6 |     7 ||    13
Dodge: Dodged            |    26 |    48 ||    74

Table legend:
 A = Spawn XP
 B = Non-spawn XP
 C = Spawn XP percentage of total XP
 D = Spawn monster count
 E = Non-spawn monster count
 F = Spawn count percentage of total count
 G = Total turns spent on level
                    A         B        C        D         E        F      G
               +---------+---------+-------+---------+---------+-------+---------
         Total |       0 |     334 |   0.0 |       0 |      94 |   0.0 |  3271
               +---------+---------+-------+---------+---------+-------+---------
           D:1 |       0 |      26 |   0.0 |       0 |      16 |   0.0 |   481
           D:2 |       0 |      58 |   0.0 |       0 |      21 |   0.0 |  1336
           D:3 |       0 |      77 |   0.0 |       0 |      15 |   0.0 |   535
         Sewer |       0 |     173 |   0.0 |       0 |      42 |   0.0 |   919
               +---------+---------+-------+---------+---------+-------+---------
